 Dungeon Crawl Stone Soup version 0.23.2-1-ga50397a6bc (webtiles) character file.

Game seed: 5522083659581157666

1944 MisterOstroum the Covert (level 8, 0/42 HPs)
             Began as a Spriggan Enchanter on May 11, 2019.
             Was an Initiate of Dithmenos.
             Slain by an orc warrior
             ... wielding a +0 dire flail
              (13 damage)
             ... on level 7 of the Dungeon on May 16, 2019.
             The game lasted 00:46:32 (7804 turns).

MisterOstroum the Covert (Spriggan Enchanter)       Turns: 7804, Time: 00:46:32

Health: 0/42       AC:  2    Str:  4    XL:     8   Next: 98%
Magic:  14/18      EV: 18    Int: 19    God:    Dithmenos [......]
Gold:   215        SH:  0    Dex: 16    Spells: 11/20 levels left

rFire    . . .     SeeInvis +   s - +0 short sword (elec)
rCold    . . .     Gourm    .   (shield restricted)
rNeg     + . .     Faith    .   b - +0 robe
rPois    .         Spirit   .   (helmet restricted)
rElec    .         Reflect  .   (no cloak)
rCorr    .         Harm     .   (gloves unavailable)
MR       +....                  (boots unavailable)
Stlth    ++++......             (no amulet)
HPRegen  0.14/turn              q - ring of positive energy
MPRegen  0.16/turn              (no ring)

@: very quick
A: very small, unfitting armour, see invisible, herbivore, speed 3, slow
metabolism 2
a: Renounce Religion


You were on level 7 of the Dungeon.
You worshipped Dithmenos.
Dithmenos was noncommittal.
You were not hungry.

You visited 2 branches of the dungeon, and saw 8 of its levels.

You collected 215 gold pieces.

Inventory:

Hand Weapons
 a - a +1 dagger
 s - a +0 short sword of electrocution (weapon)
Missiles
 g - 153 stones (quivered)
 j - 17 poisoned needles
 A - 6 tomahawks
Armour
 b - a +0 robe (worn)
Jewellery
 q - a ring of positive energy (left hand)
Scrolls
 c - a scroll of blinking {unknown}
 d - 2 scrolls of enchant weapon {unknown}
 h - 7 scrolls of teleportation {@r3 !r}
 l - a scroll of amnesia
 n - a scroll of immolation {unknown}
 o - 2 scrolls of remove curse {unknown}
 t - 3 scrolls of noise {unknown}
 u - a scroll of magic mapping {unknown}
 x - 4 scrolls of identify {@r1}
 y - 2 scrolls of fear {unknown}
 z - a scroll of random uselessness {unknown}
 B - a scroll of fog {unknown}
Potions
 f - a potion of lignification {unknown}
 i - 2 potions of haste {unknown}
 k - 2 potions of might {unknown}
 m - a potion of invisibility {unknown}
 p - a potion of ambrosia {unknown}
 r - a potion of resistance {unknown}
 v - a potion of heal wounds {unknown}
 w - 2 potions of agility {unknown}
Comestibles
 e - 8 rations


   Skills:
 - Level 4.0 Fighting
 * Level 6.7 Short Blades
 - Level 3.0 Dodging
 - Level 10.0 Stealth
 * Level 6.6 Spellcasting
 - Level 5.6 Hexes


You had 11 spell levels left.
You knew the following spells:

 Your Spells              Type           Power        Failure   Level  Hunger
a - Ensorcelled Hibernat  Hex/Ice        ###...       4%          2    None
b - Corona                Hex            ####...      1%          1    None
c - Confuse               Hex            ####....     3%          3    ##.....
d - Tukima's Dance        Hex            ####....     3%          3    ##.....

Your spell library contained the following spells:

 Spells                   Type           Power        Failure   Level  Hunger
 Dazzling Spray           Conj/Hex       ###...       10%         3    ##.....


Dungeon Overview and Level Annotations

Branches:
Dungeon (7/15)             Temple (1/1) D:6

Altars:
Ashenzari
Cheibriados
Dithmenos
Elyvilon
Fedhas
Gozag
Hepliaklqana
Kikubaaqudgha
Makhleb
Nemelex Xobeh
Okawaru
Qazlal
Ru
Sif Muna
Trog
Uskayaw
Vehumet
Wu Jian
Xom
Yredelemnul
Zin
The Shining One


Innate Abilities, Weirdness & Mutations

You are very small and have problems with some larger weapons.
You are too small for most types of armour.
You have supernaturally acute eyesight. (SInv)
You are a herbivore.
You cover ground extremely quickly.
You need to consume almost no food.


Message History

There is an open door here.
You open the door.
There is an open door here.
You open the door.
There is an open door here.
You open the door.
Found an escape hatch in the ceiling.
Found a stone staircase leading down.
There is an open door here.
You now have 215 gold pieces (gained 4).
h - 7 scrolls of teleportation {@r3 !r} (gained 1)
You open the door.
There is an open door here.
There is a stone staircase leading up here.
You open the door.
There is an open door here.
The centaur is too close now for your liking.
A centaur is nearby!
The helpless centaur fails to defend itself.
You stick the centaur like a pincushion!!!
You kill the centaur!
Dithmenos accepts your kill.
Things that are here:
a +0 shortbow; 13 arrows Done exploring.
(D) Dungeon (T) Temple
Where to? (? - help)
There is an open door here.
There is an open door here.
There is a stone staircase leading down here.
You climb downwards.
Found a stone staircase leading up and a stone staircase leading down.
There is a stone staircase leading up here. 2 jackals come into view.
Found an escape hatch in the ceiling.
The jackal barks!
You hear a shout! x5; You hear a bark!
No target in view!
You hear a shout!
The jackal barks!
Throwing (i - inventory. (/) - cycle)
g - 156 stones (quivered)
Press: ? - help, Shift-Dir - straight line, f - jackal
Aim: a jackal You throw a stone.
The stone closely misses the jackal.
An orc comes into view. It is wielding a +0 mace.
Throwing (i - inventory. (/) - cycle)
g - 155 stones (quivered)
Press: ? - help, Shift-Dir - straight line, f - orc
Aim: an orc, wielding a +0 mace You throw a stone.
The stone hits the orc.
The orc is lightly wounded.
Casting: Ensorcelled Hibernation (safe; 4% risk of failure)
Confirm with . or Enter, or press ? or * to list all spells.
Aiming: Ensorcelled Hibernation (safe; 4% risk of failure)
Press: ? - help, Shift-Dir - straight line, f - jackal
Aim: a jackal (chance to defeat MR: 65%)
The jackal resists with significant effort.
A jackal comes into view.
Casting: Ensorcelled Hibernation (safe; 4% risk of failure)
Confirm with . or Enter, or press ? or * to list all spells.
Aiming: Ensorcelled Hibernation (safe; 4% risk of failure)
Press: ? - help, Shift-Dir - straight line, f/p - jackal
Aim: a jackal (chance to defeat MR: 65%)
The jackal looks drowsy...
The helpless jackal fails to defend itself.
You spit the jackal like a pig!!!
You kill the jackal!
Dithmenos accepts your kill.
The jackal bites you but does no damage.
A big kobold comes into view. It is wielding a +0 dagger.
An orc priest comes into view. It is wielding a +0 short sword.
A kobold comes into view. It is wielding a +0 short sword.
Casting: Ensorcelled Hibernation (safe; 4% risk of failure)
Confirm with . or Enter, or press ? or * to list all spells.
Okay, then.
An orc warrior comes into view. It is wielding a +0 dire flail.
The orc priest calls upon Beogh to heal the orc.
The orc's wounds heal themselves!
There is a stone staircase leading up here.
Throwing (i - inventory. (/) - cycle)
g - 154 stones (quivered)
Press: ? - help, Shift-Dir - straight line, f - jackal
Aim: a jackal You throw a stone.
The stone closely misses the jackal.
The jackal misses you. The jackal misses you.
The orc priest looks braver for a moment.
You climb upwards.
There is a stone staircase leading down here.
Casting: Ensorcelled Hibernation (safe; 4% risk of failure)
Confirm with . or Enter, or press ? or * to list all spells.
Aiming: Ensorcelled Hibernation (safe; 4% risk of failure)
Press: ? - help, Shift-Dir - straight line, f - jackal
Aim: a jackal (chance to defeat MR: 65%)
The jackal looks drowsy...
The helpless jackal fails to defend itself.
You stick the jackal like a pincushion!!!
Lightning courses through the jackal!
You kill the jackal!
Dithmenos accepts your kill.
You climb downwards.
The orc warrior hits you with a +0 dire flail!!
The orc warrior hits you with a +0 dire flail!
There is a stone staircase leading up, spattered with blood here.
The orc warrior hits you with a +0 dire flail!
You die...

####### #.....#
#.....#
#####@....###
#.....o..<..#
#.####oo....###
#.h.......
#.........
#.K###+### ##.#
..# ..+


You could see an orc warrior, a big kobold, an orc priest, an orc and a jackal.

Vanquished Creatures
  Grinder (D:4)
  An orc warrior (D:6)
  Purgy (D:4)
  An ogre (D:4)
  A sky beast (D:6)
  A black bear (D:6)
  A phantom (D:4)
  2 centaurs
  3 bullfrogs (D:6)
  A water moccasin zombie (D:5)
  A scorpion (D:5)
  2 crimson imps
  A centaur zombie (D:5)
  3 hounds
  2 orc wizards
  3 orc priests
  4 centaur skeletons
  3 worker ants
  An iguana (D:6)
  A killer bee zombie (D:5)
  A hound skeleton (D:5)
  A worker ant zombie (D:5)
  A howler monkey zombie (D:5)
  4 adders
  A river rat (D:4)
  3 shadow imps
  A dart slug (D:1)
  2 leopard geckos
  17 orcs
  5 ball pythons
  4 giant cockroaches
  5 goblins
  2 hobgoblins
  5 jackals
  4 quokkas
  A ball python zombie (D:5)
  5 bats
  4 frilled lizards
  A jackal skeleton (D:5)
  A jackal zombie (D:6)
  5 kobolds
  A quokka skeleton (D:5)
  14 rats
122 creatures vanquished.

Vanquished Creatures (collateral kills)
  2 orcs (D:5)
2 creatures vanquished.

Vanquished Creatures (others)
  An orc (D:4)
1 creature vanquished.

Grand Total: 125 creatures vanquished

Notes
Turn   | Place    | Note
-------+----------+-------------------------------------------
     0 | D:1      | MisterOstroum the Spriggan Enchanter began the quest for
                  | the Orb.
     0 | D:1      | Reached XP level 1. HP: 9/9 MP: 5/5
   306 | D:1      | Reached XP level 2. HP: 13/13 MP: 6/6
   310 | D:1      | Learned a level 2 spell: Ensorcelled Hibernation
  1515 | D:2      | Noticed a centaur
  1546 | D:3      | Reached XP level 3. HP: 8/16 MP: 4/8
  1554 | D:3      | Learned a level 3 spell: Confuse
  2023 | D:2      | Reached skill level 5 in Stealth
  3122 | D:3      | Learned a level 3 spell: Tukima's Dance
  3370 | D:2      | Killed a centaur
  3370 | D:2      | Reached XP level 4. HP: 18/21 MP: 7/11
  3370 | D:2      | Reached XP level 5. HP: 21/24 MP: 7/12
  3672 | D:4      | Found a snail-covered altar of Cheibriados.
  3717 | D:4      | Reached skill level 5 in Hexes
  3738 | D:4      | Noticed a phantom
  3754 | D:4      | Killed a phantom
  3826 | D:4      | Noticed Purgy
  3831 | D:4      | Killed Purgy
  3831 | D:4      | Reached skill level 1 in Fighting
  3831 | D:4      | Reached XP level 6. HP: 30/30 MP: 13/13
  4001 | D:4      | Noticed Grinder
  4017 | D:4      | Killed Grinder
  4017 | D:4      | Reached skill level 7 in Stealth
  4017 | D:4      | Reached XP level 7. HP: 27/35 MP: 5/14
  4413 | D:4      | Reached skill level 8 in Stealth
  4912 | D:5      | Entered Level 5 of the Dungeon
  5382 | D:5      | Reached skill level 9 in Stealth
  5382 | D:5      | Reached XP level 8. HP: 40/40 MP: 16/16
  5409 | D:5      | Reached skill level 5 in Spellcasting
  5423 | D:5      | Reached skill level 5 in Short Blades
  5669 | D:5      | Found a hazy altar of Hepliaklqana.
  6455 | D:6      | Reached skill level 10 in Stealth
  6920 | D:6      | Found a staircase to the Ecumenical Temple.
  6926 | Temple   | Entered the Ecumenical Temple
  7121 | Temple   | Became a worshipper of Dithmenos the Shadowed
  7804 | D:7      | Slain by an orc warrior

Skill      XL: |  1  2  3  4  5  6  7  8 |
---------------+-------------------------+-----
Spellcasting   | 3 4 6 |  6.6
Hexes          | 4 5 |  5.6
Short Blades   | 2 4 6 |  6.7
Stealth        | 5 7 9 10 | 10.0
Fighting       | 1 2 3 4 |  4.0
Dodging        | |  3.0

Action                   |  1- 3 |  4- 6 |  7- 9 || total
-------------------------+-------+-------+-------++-------
Melee: Dagger            |   113 |       |       ||   113
       Short sword       |     5 |    17 |   211 ||   233
Throw: Stone             |    14 |     1 |    31 ||    46
 Cast: Corona            |     4 |       |       ||     4
       Ensorcelled Hiber |    23 |       |    33 ||    56
       Confuse           |     3 |     6 |    30 ||    39
       Tukima's Dance    |       |       |     3 ||     3
  Use: Scroll            |     4 |       |       ||     4
 Stab: Sleeping          |    29 |     3 |    26 ||    58
       Confused          |     3 |     4 |    11 ||    18
       Distracted        |       |       |     1 ||     1
  Eat: Ration            |     1 |     1 |     3 ||     5
Armor: Robe              |    21 |       |    10 ||    31
Dodge: Dodged            |   100 |     8 |   137 ||   245
